 Dungeon Crawl Stone Soup version 0.27.1-34-g3ba077fa99 (webtiles) character file.

Game seed: 1122846939918028901

87796 M0nkeyB0y the Tortoise (level 15, 0/141 HPs)
             Began as a Minotaur Berserker on Jan 20, 2022.
             Was a High Priest of Trog.
             Slain by a tarantella (5 damage)
             ... on level 2 of the Spider Nest on Jan 21, 2022.
             The game lasted 01:20:13 (34377 turns).

M0nkeyB0y the Tortoise (Minotaur Berserker)        Turns: 34377, Time: 01:20:14

Health: 0/141      AC: 25    Str: 29    XL:     15   Next: 44%
Magic:  14/14      EV: 10    Int:  7    God:    Trog [*****.]
Gold:   2242       SH:  0    Dex: 11    Spells: 14/14 levels left

rFire    . . .     SeeInvis +   w - +5 demon whip
rCold    + + .     Faith    .   k - +3 buckler
rNeg     . . .     Spirit   .   l - +2 plate armour {Will+}
rPois    .         Reflect  +   (helmet restricted)
rElec    .         Harm     .   f - +0 cloak
rCorr    +         Rampage  .   y - +0 pair of gloves
Will     ++...                  j - +0 pair of boots
Stlth    ..........             G - amulet "Qooc" {Reflect SH+5 SInv}
HPRegen  0.33/turn              z - ring "Ujorch" {rC+ rCorr Str+5 Stlth+}
MPRegen  0.14/turn              q - ring of protection from cold

@: confused, lethally poisoned (0 -> -24)
A: horns 2, retaliatory headbutt
a: Renounce Religion, Berserk, Trog's Hand, Brothers in Arms


You were on level 2 of the Spider Nest.
You worshipped Trog.
Trog was extremely pleased with you.
You visited 6 branches of the dungeon, and saw 25 of its levels.

You collected 2404 gold pieces.
You spent 162 gold pieces at shops.

Inventory:

Hand Weapons
 w - a +5 demon whip (weapon)
Armour
 f - a +0 cloak (worn)
 j - a +0 pair of boots (worn)
 k - a +3 buckler (worn)
 l - a +2 plate armour of willpower (worn)
 y - a +0 pair of gloves (worn)
Jewellery
 a - a +4 ring of protection
 i - a +6 ring of dexterity
 m - a ring of fire
 p - a ring of protection from fire
 q - a ring of protection from cold (right hand)
 z - the ring "Ujorch" (left hand) {rC+ rCorr Str+5 Stlth+}
   (You found it on level 11 of the Dungeon)

   [ring of protection from cold]

   Str:       It affects your strength (+5).
   rC:        It protects you from cold.
   rCorr:     It protects you from acid and corrosion.
   Stlth:     It makes you more stealthy.
 A - an amulet of faith
 D - the ring "Nureigoff" {+Blink rCorr Int-5 Dex-4 Slay+6}
   (You found it on level 2 of the Lair of Beasts)

   [ring of resist corrosion]

   Int:       It affects your intelligence (-5).
   Dex:       It affects your dexterity (-4).
   Slay:      It affects your accuracy & damage with ranged weapons and melee
   (+6).
   +Blink:    It lets you blink.
   rCorr:     It protects you from acid and corrosion.
 G - the amulet "Qooc" (around neck) {Reflect SH+5 SInv}
   (You acquired it on level 1 of the Spider Nest)

   [amulet of reflection]

   It reflects blocked missile attacks.
   SInv:      It lets you see invisible.
   SH:        It affects your SH (+5).
Wands
 e - a wand of flame (53)
 t - a wand of iceblast (18)
 C - a wand of digging (13)
 E - a wand of mindburst (37)
 I - a wand of polymorph (1)
 J - a wand of paralysis (5)
Scrolls
 b - 9 scrolls of teleportation
 g - 4 scrolls of fog
 n - 5 scrolls of fear
 F - a scroll of acquirement
 H - a scroll of identify
Potions
 c - 5 potions of might
 d - a potion of flight
 h - 5 potions of curing
 o - 2 potions of ambrosia {unknown}
 r - 2 potions of cancellation {unknown}
 s - 4 potions of lignification {unknown}
 u - 2 potions of haste {unknown}
 v - 2 potions of heal wounds
Miscellaneous
 x - a piece from Xom's chessboard (15/15)
 B - a piece from Xom's chessboard (15/15)


   Skills:
 + Level 15.3 Fighting
 + Level 16.4 Maces & Flails
 + Level 17.5 Armour
 + Level 5.5 Dodging
 + Level 2.2 Stealth
 + Level 14.1 Shields
 + Level 0.1 Evocations


You had 14 spell levels left.
You didn't know any spells.
Your spell library was empty.

Dungeon Overview and Level Annotations

Branches:
Dungeon (13/15)            Temple (1/1) D:7            Lair (6/6) D:11
  Swamp (1/4) Lair:3       Spider (2/4) Lair:3        Slime (0/5) Lair:5
    Orc (2/2) D:12            Elf (0/3) Orc:2        Vaults (0/5) D:13

Altars:
Ashenzari
Cheibriados
Dithmenos
Elyvilon
Fedhas
Gozag
Hepliaklqana
Kikubaaqudgha
Makhleb
Nemelex Xobeh
Okawaru
Qazlal
Ru
Sif Muna
Trog
Uskayaw
Vehumet
Wu Jian
Xom
Yredelemnul
Zin
The Shining One
Beogh
Jiyva

Shops:
D:1 !   D:7 (   D:8 !   Orc:2 =[(*

Annotations:
D:10 2 transporters, Tzialkovskiy's ghost, journeyman TrFi


Innate Abilities, Weirdness & Mutations

You have a pair of horns on your head.
You reflexively headbutt those who attack you in melee.


Message History

You are caught in a web!
The jumping spider barely misses you. The tarantella bites you.
You are more confused.
The tarantella bites you!
You are too confused!
You are too confused!
The web tears apart.
The tarantella bites you but does no damage.
The wolf spider hits you! The wolf spider bites you.
You are poisoned.
The wolf spider poisons you! The jumping spider pounces on you!
* * * LOW HITPOINT WARNING * * *
The jumping spider barely misses you.
The tarantella bites you but does no damage.
The tarantella bites you.
* * * LOW HITPOINT WARNING * * *
You are more confused.
The tarantella closely misses you. The wolf spider misses you.
The wolf spider bites you but does no damage.
The jumping spider leaps!
You bump into the rock wall.
* * * LOW HITPOINT WARNING * * *
You feel extremely sick. The tarantella bites you!
* * * LOW HITPOINT WARNING * * *
You are more confused.
The tarantella closely misses you. The tarantella barely misses you.
You hear a shout!
You bump into the rock wall.
* * * LOW HITPOINT WARNING * * *
You feel extremely sick.
You hear an angry hiss.
The tarantella barely misses you.
The jumping spider leaps!
The tarantella barely misses you.
The redback bites you but does no damage.
The wolf spider hits you.
* * * LOW HITPOINT WARNING * * *
The wolf spider bites you but does no damage.
The tarantella bites you.
You die...

... #.?.
##.....
####.#...
#..#..^ ..
#s..# ...^
##^<.#...##
#.#s.......
##@ss..°...
#ss##.....
#.## >#.#.
... . ..
#... . .
.^.## ..
....# ..###


You could see a wolf spider, 3 tarantellas and a redback.

Vanquished Creatures
  Saint Roka (Orc:2)
  A thorn hunter (Swamp:1)
  Aizul (Swamp:1)
  The ghost of Tinylith the Fighter, a journeyman DrIE of Yredelemnul (Lair:4)
  A bunyip (Swamp:1)
  2 eleionomae (Swamp:1)
  Josephine (Swamp:1)
  5 hydras
  3 catoblepae
  A centaur warrior (D:13)
  A boulder beetle (D:11)
  A two-headed ogre (D:12)
  6 death yaks (Lair:6)
  3 alligators (Swamp:1)
  An orc high priest (Orc:1)
  A spriggan druid (Swamp:1)
  2 bog bodies
  2 deep elf pyromancers (D:13)
  3 orb spiders (Spider:1)
  4 orc knights
  3 orc sorcerers
  A wolf spider (Spider:1)
  An ugly thing (D:13)
  5 slime creatures (D:13)
  4 cyclopes
  3 manticores
  A black mamba (shapeshifter) (D:13)
  The ghost of Tzialkovskiy the Ruffian, a novice TrBr (D:4)
  22 elephants
  2 gargoyles (D:13)
  2 torpor snails
  9 cane toads
  4 rime drakes
  3 kobold demonologists
  5 komodo dragons
  2 unseen horrors (D:11)
  2 ice devils (Lair:3)
  3 demonic crawlers (Spider:1)
  5 trolls
  2 tyrant leeches (Swamp:1)
  A polar bear (shapeshifter) (D:13)
  4 polar bears
  Grinder (D:3)
  3 jumping spiders (Spider:1)
  A queen bee (shapeshifter) (D:13)
  18 blink frogs
  4 hornets
  11 redbacks
  7 wraiths
  Sigmund (D:4)
  A spriggan (Swamp:1)
  A shadow (D:12)
  2 tarantellas (Spider:1)
  4 wyverns
  A basilisk (shapeshifter) (D:13)
  47 yaks
  11 vampire mosquitoes
  Menkaure (D:7)
  A warg (Orc:2)
  5 swamp worms
  5 acid dragons
  9 water moccasins
  A floating eye (shapeshifter) (D:13)
  A swamp drake (Swamp:1)
  Duvessa (D:7)
  27 orc warriors
  A black bear (Lair:2)
  A sky beast (D:8)
  An ice beast (D:4)
  6 ogres
  19 wolves
  A boggart (D:12)
  A necrophage (D:8)
  2 centaurs
  2 kobold brigands
  8 bullfrogs
  2 gnoll sergeants
  Blork the orc (D:6)
  A scorpion (D:4)
  A wyvern zombie (D:7)
  Dowan (D:7)
  18 killer bees
  2 electric eels
  5 howler monkeys
  A lava snake (D:10)
  4 centaur zombies
  A bullfrog zombie (D:6)
  2 gnoll shamans
  A centaur skeleton (D:6)
  14 orc priests
  6 hounds
  A jelly (D:6)
  Natasha (thrice) (D:2)
  4 iguanas
  18 orc wizards
  2 killer bee zombies
  18 gnolls
  8 adders
  3 hound simulacra (D:4)
  2 shadow imps
  4 white imps
  An adder skeleton (D:4)
  An adder zombie (D:1)
  2 worms (D:2)
  4 dart slugs
  An adder simulacrum (D:4)
  51 orcs
  4 ball pythons
  6 endoplasms
  A giant cockroach (D:1)
  7 hobgoblins
  13 jackals
  13 kobolds
  A ball python zombie (D:1)
  5 bats
  6 frilled lizards (D:2)
  5 goblins
  A jackal simulacrum (D:4)
  A quokka simulacrum (D:4)
  7 rats
  2 briar patches (Swamp:1)
  A bush (D:2)
  A plant (Lair:6)
589 creatures vanquished.

Vanquished Creatures (collateral kills)
  Roxanne (Swamp:1)
  A bunyip (Swamp:1)
  An eleionoma (Swamp:1)
  A catoblepas (Lair:6)
  4 death yaks (Lair:6)
  3 blink frogs (Lair:6)
  A shadow (D:12)
  8 yaks
  A warg (Orc:2)
  A swamp worm (Swamp:1)
  A water moccasin (Lair:6)
  2 orc warriors (Orc:2)
  An ogre (Orc:2)
  3 orcs (Orc:2)
29 creatures vanquished.

Vanquished Creatures (others)
  An orb spider (Spider:1)
  A wyvern (D:8)
  A yak (D:8)
  A briar patch (Swamp:1)
  12 fungi
  20 plants
36 creatures vanquished.

Grand Total: 654 creatures vanquished

Notes
Turn   | Place    | Note
-------+----------+-------------------------------------------
     0 | D:1      | M0nkeyB0y the Minotaur Berserker began the quest for the
                  | Orb.
     0 | D:1      | Reached XP level 1. HP: 19/19 MP: 0/0
   122 | D:1      | Reached XP level 2. HP: 27/27 MP: 1/1
   442 | D:1      | Found Buat's Distillery.
   540 | D:1      | Reached XP level 3. HP: 32/33 MP: 2/2
   766 | D:2      | Noticed Natasha
   777 | D:2      | Killed Natasha
   777 | D:2      | Reached ** piety under Trog
   778 | D:2      | Reached skill level 3 in Armour
  1198 | D:2      | Noticed Natasha
  1201 | D:2      | Reached XP level 4. HP: 38/41 MP: 3/3
  1207 | D:2      | Killed Natasha
  1213 | D:2      | Reached skill level 5 in Maces & Flails
  1663 | D:2      | Reached XP level 5. HP: 45/47 MP: 4/4
  2008 | D:2      | Noticed Natasha
  2014 | D:2      | Killed Natasha
  2015 | D:2      | Reached skill level 5 in Fighting
  2268 | D:3      | Noticed Grinder
  2277 | D:3      | Paralysed by Grinder for 5 turns
  2284 | D:3      | Killed Grinder
  2284 | D:3      | Reached *** piety under Trog
  2285 | D:3      | Reached skill level 4 in Armour
  2285 | D:3      | Reached XP level 6. HP: 56/56 MP: 5/5
  2486 | D:3      | Found a faded altar of an unknown god.
  3023 | D:4      | Noticed Sigmund
  3031 | D:4      | Killed Sigmund
  3032 | D:4      | Reached skill level 5 in Armour
  3032 | D:4      | Reached XP level 7. HP: 62/62 MP: 6/6
  3062 | D:4      | Found a runed translucent gate.
  3062 | D:4      | Found a runed translucent gate.
  3062 | D:4      | Found a runed translucent gate.
  3230 | D:4      | Found a blossoming altar of Fedhas.
  3408 | D:4      | Noticed Tzialkovskiy's ghost (novice TrBr)
  3854 | D:4      | Killed Tzialkovskiy's ghost
  3863 | D:4      | Reached skill level 1 in Shields
  3865 | D:4      | Reached **** piety under Trog
  4013 | D:5      | Entered Level 5 of the Dungeon
  4058 | D:5      | Reached XP level 8. HP: 67/70 MP: 7/7
  4214 | D:5      | Found a glowing silver altar of Zin.
  4307 | D:5      | Found an iron altar of Okawaru.
  4401 | D:5      | Reached skill level 6 in Armour
  4493 | D:6      | Found an ornate altar of the Wu Jian Council.
  5016 | D:6      | Reached skill level 7 in Armour
  5382 | D:6      | Noticed Blork the orc
  5387 | D:6      | Killed Blork the orc
  5577 | D:7      | Found a staircase to the Ecumenical Temple.
  5590 | D:7      | Noticed Menkaure
  5610 | D:7      | You fall into a shaft and drop 3 floors!
  5610 | D:10     | Entered Level 10 of the Dungeon
  6000 | D:10     | Reached ***** piety under Trog
  6035 | D:10     | Found a shadowy altar of Dithmenos.
  6037 | D:10     | Found a shimmering altar of Xom.
  6037 | D:10     | Found an ornate altar of the Wu Jian Council.
  6039 | D:10     | Found a glowing golden altar of the Shining One.
  6039 | D:10     | Found a radiant altar of Vehumet.
  6039 | D:10     | Found an iron altar of Okawaru.
  6089 | D:10     | Found a transporter.
  6090 | D:10     | Noticed a troll
  6090 | D:10     | Noticed a centaur warrior
  6091 | D:10     | Noticed a boulder beetle
  6091 | D:10     | Noticed Tzialkovskiy's ghost (journeyman TrFi)
  6092 | D:10     | Noticed a cyclops
  6138 | D:10     | Found a basalt altar of Yredelemnul.
  6148 | D:10     | Reached XP level 9. HP: 28/79 MP: 8/8
  6174 | D:10     | Reached skill level 8 in Armour
  6410 | D:10     | Found a transporter.
  6422 | D:10     | Found a bloodstained altar of Trog.
  6547 | D:10     | Found a snail-covered altar of Cheibriados.
  6802 | D:10     | Reached skill level 10 in Maces & Flails
  7086 | D:9      | Found a sacrificial altar of Ru.
  7624 | D:9      | Reached skill level 5 in Shields
  7647 | D:9      | Reached skill level 9 in Armour
  7793 | D:9      | Reached XP level 10. HP: 79/90 MP: 9/9
  8630 | D:8      | Reached skill level 10 in Armour
  9039 | D:8      | Found Gimet Geklub's Distillery.
  9058 | D:8      | Found a white marble altar of Elyvilon.
  9556 | D:8      | Received a gift from Trog
  9591 | D:8      | Found a hazy altar of Hepliaklqana.
  9939 | D:7      | Killed Menkaure
  9959 | D:7      | Reached skill level 1 in Stealth
 10068 | D:7      | Noticed Duvessa
 10078 | D:7      | Killed Duvessa
 10079 | D:7      | Noticed Dowan
 10092 | D:7      | Killed Dowan
 10231 | D:7      | Noticed a two-headed ogre
 10658 | D:7      | Found Xyshroti's Weapon Emporium.
 10916 | Temple   | Entered the Ecumenical Temple
 11322 | D:11     | You fall into a shaft and drop 2 floors!
 11322 | D:13     | Noticed a centaur warrior
 11332 | D:13     | Killed a centaur warrior
 11333 | D:13     | Reached XP level 11. HP: 70/97 MP: 10/10
 11352 | D:13     | Reached skill level 11 in Armour
 11865 | D:11     | Reached skill level 10 in Fighting
 12026 | D:11     | Identified the ring "Ujorch" {rC+ rCorr Str+5 Stlth+}
 12721 | D:11     | Noticed an orc knight
 12733 | D:11     | Killed an orc knight
 13142 | D:11     | Found a staircase to the Lair.
 13397 | D:11     | Noticed a boulder beetle
 13430 | D:11     | Killed a boulder beetle
 13431 | D:11     | Reached skill level 12 in Armour
 13748 | Lair:1   | Entered Level 1 of the Lair of Beasts
 14774 | Lair:1   | Reached XP level 12. HP: 110/110 MP: 11/11
 15403 | Lair:2   | Noticed a catoblepas
 15419 | Lair:2   | Killed a catoblepas
 15420 | Lair:2   | Reached skill level 13 in Armour
 16153 | Lair:2   | Reached skill level 10 in Shields
 16464 | Lair:2   | Identified the ring "Nureigoff" {+Blink rCorr Int-5 Dex-4
                  | Slay+6}
 16932 | Lair:3   | Found a staircase to the Swamp.
 17379 | Lair:3   | Found a frozen archway.
 17777 | Lair:3   | Noticed a six-headed hydra
 17790 | Lair:3   | Killed a six-headed hydra
 18034 | Lair:3   | Found a hole to the Spider Nest.
 18046 | Lair:3   | Reached skill level 5 in Dodging
 18362 | Lair:3   | Received a gift from Trog
 18363 | Lair:3   | Reached skill level 14 in Armour
 19178 | Lair:4   | Found a runed translucent door.
 19178 | Lair:4   | Noticed Tinylith's ghost (journeyman DrIE)
 19199 | Lair:4   | Killed Tinylith's ghost
 19200 | Lair:4   | Reached XP level 13. HP: 118/118 MP: 12/12
 21029 | Lair:5   | Reached skill level 15 in Armour
 21109 | Lair:5   | Found a staircase to the Slime Pits.
 21109 | Lair:5   | Found a viscous altar of Jiyva.
 21664 | Lair:6   | Entered Level 6 of the Lair of Beasts
 22725 | Lair:6   | Reached skill level 15 in Maces & Flails
 22952 | Lair:6   | Reached XP level 14. HP: 119/129 MP: 13/13
 24613 | D:12     | Reached skill level 16 in Armour
 25055 | D:12     | Found a staircase to the Orcish Mines.
 25146 | Orc:1    | Entered Level 1 of the Orcish Mines
 25669 | Orc:2    | Entered Level 2 of the Orcish Mines
 25669 | Orc:2    | Found a staircase to the Elven Halls.
 25711 | Orc:2    | Noticed Saint Roka
 25754 | Orc:2    | Killed Saint Roka
 26504 | Orc:2    | HP: 6/131 [orc warrior (10)]
 27906 | Orc:2    | :
 27906 | Orc:2    | :
 27976 | Orc:2    | Found Dakum's General Store.
 28171 | Orc:2    | Found Hois's Jewellery Boutique.
 28187 | Orc:2    | Found Toometi's Antique Weapon Boutique.
 28202 | Orc:2    | Found Wytwesaegu's Antique Armour Boutique.
 28210 | Orc:2    | Bought a pair of boots for 162 gold pieces
 29212 | D:13     | Found a glowing golden altar of the Shining One.
 29623 | D:13     | Found a gate to the Vaults.
 30002 | Swamp:1  | Entered Level 1 of the Swamp
 30376 | Swamp:1  | Reached XP level 15. HP: 49/139 MP: 14/14
 30694 | Swamp:1  | Noticed a thorn hunter
 30700 | Swamp:1  | Noticed Josephine
 30728 | Swamp:1  | Killed a thorn hunter
 30729 | Swamp:1  | Reached skill level 17 in Armour
 30734 | Swamp:1  | Received a gift from Trog
 30740 | Swamp:1  | Killed Josephine
 31087 | Swamp:1  | Noticed Roxanne
 31100 | Swamp:1  | Killed Roxanne
 31101 | Swamp:1  | Reached skill level 15 in Fighting
 31716 | Swamp:1  | Noticed Aizul
 31742 | Swamp:1  | Killed Aizul
 33094 | Spider:1 | Entered Level 1 of the Spider Nest
 33276 | Spider:1 | Identified a scroll of acquirement
 33388 | Spider:1 | Acquired the amulet "Qooc" {Reflect SH+5 SInv}
 34377 | Spider:2 | HP: 5/141 [wolf spider (6)]
 34377 | Spider:2 | Slain by a tarantella

Illustrated notes

*∩,****8...8****,∩#..........#.#
*,,,***.....***,,,#.............
**,,,**.....##,,,*###....#.....#
###*,,,*.....#.,,** ##...###....
..#**,.........,** ####....####.#
.#####.........#####.#......##...
...8.............8.........####.#
................[)......#.## ###
.........._.....@......####*****
...............[[....### **,..**
...8.............8..## *,....#
[#####.........###### *,....# [#
**,,........,** **.....
##**,,,#.....#.,,** **,#....
.#*,,,*#.....##,,,** *,,.#...
.#,,,**#8...8#**,,,*** *,,.....
[#∩,####.....#**#,∩*,** **,.#...


Turn 27906 on Orc:2: :

Levels and vault maps discovered:
D:1:      saegor_arrival_fortress, layout_rooms, serial_shops,
          nicolae_shop_trees
D:2:      layout_loops_cross, minmay_hedge_maze, minmay_lizard_king,
          uniq_natasha
D:3:      layout_basic, chequers_ecumenical_altar_island,
          hangedman_abyss_or_decor_lesser_grid, uniq_grinder
D:4:      layout_basic, fedhas_altar_2, gammafunk_ghost_icy, uniq_sigmund
D:5:      layout_basic, kennysheep_mini, zin_treasury
D:6:      layout_basic, kennysheep_little_box, uniq_blork_the_orc
D:7:      layout_gridville, temple_statues, serial_shops, shop_coins,
          lightli_corner_chamber, uniq_duvessa, uniq_menkaure
D:8:      layout_loops_corners, mainiacjoe_overflow_catwalk,
          nzn_hepliaklqana_mist_gate, palyth_stone_intersect,
          nicolae_stop_n_shop_1, roderic_roman_lattice
D:9:      layout_irregular_city, lemuel_doored_altar
D:10:     layout_small_grid, mainiacjoe_overflow_paths, doesnt_xom_only_xom,
          mainiacjoe_overflow_catch_the_wave, serial_rivers,
          chequers_serial_rivers_large_b, chequers_serial_rivers_room_b,
          chequers_serial_rivers_small_3, chequers_serial_rivers_marsh,
          chequers_serial_rivers_micro_b, gammafunk_ghost_arena
D:11:     layout_long_grid, lair_entry_dummy, special_room [special_room_orc],
          eino_jars
D:12:     layout_rooms, orc_0_dummy, evilmike_minifort
D:13:     layout_rooms, david_vaults_2, grunt_decor_arrowhead,
          nicolae_tso_swordbearing_angel
Temple:   minmay_temple_curvy_loop
Lair:1:   layout_cellular_growth, grunt_megastairs_2, serial_bayou_shore_b
Lair:2:   layout_cave_pods, gammafunk_lair_bear_cave
Lair:3:   layout_roguey, nicolae_swamp_entry_splash_gauntlet,
          spider_nest_entry_rubble, serial_rivers,
          chequers_serial_rivers_micro_d, chequers_serial_rivers_micro_e,
          chequers_serial_rivers_small_b, chequers_serial_rivers_large_a,
          portal_ice_cave_demonic_guard
Lair:4:   layout_hall_layers, hellmonk_ghost_happy_afterlife
Lair:5:   beast_lair_carwin_large_3, layout_layer_cave, slime_altar_1
Lair:6:   evilmike_catoblepas_cave, layout_layer_cave, uniq_urug
Swamp:1:  layout_basic_swamp, hangedman_swamp_diagram, uniq_josephine,
          uniq_roxanne, uniq_aizul
Spider:1: layout_spider_delve, drop_trap
Spider:2: layout_spider_delve, nicolae_spider_checkerboard
Orc:1:    layout_caves
Orc:2:    grunt_orc_cross, layout_caves

Skill      XL: |  1  2  3  4  5  6  7  8  9 10 11 12 13 14 15 |
---------------+----------------------------------------------+-----
Maces & Flails | 4 5 6 8 9 11 12 13 14 15 16 | 16.4
Fighting       | 4 5 6 7 8 9 11 12 13 14 15 | 15.3
Armour         | 3 4 5 7 9 10 12 14 15 16 17 | 17.5
Dodging        | 3 4 5 |  5.5
Shields        | 1 3 5 7 9 10 12 13 14 | 14.1
Stealth        | 1 2 |  2.2
Evocations     | |  0.1

Action                   |  1- 3 |  4- 6 |  7- 9 | 10-12 | 13-15 || total
-------------------------+-------+-------+-------+-------+-------++-------
Melee: Mace              |   120 |   100 |   166 |       |       ||   386
       Headbutt          |    37 |    11 |    60 |   199 |   335 ||   642
       Morningstar       |       |       |   138 |    98 |       ||   236
       Demon whip        |       |       |       |   779 |  1185 ||  1964
Invok: Berserk           |       |     3 |     1 |     4 |     7 ||    15
       Brothers in Arms  |       |       |       |       |    12 ||    12
Evoke: Wand              |       |       |       |     1 |     2 ||     3
  Use: Scroll            |     4 |     3 |     7 |    10 |    10 ||    34
       Potion            |       |       |     3 |     1 |    12 ||    16
 Stab: Distracted        |       |       |       |       |     1 ||     1
Armor: Animal skin       |     9 |       |       |       |       ||     9
       Ring mail         |     9 |       |       |       |       ||     9
       Chain mail        |     8 |    77 |   229 |   101 |       ||   415
       Plate armour      |       |       |       |   284 |   439 ||   723
Dodge: Dodged            |    43 |    41 |   140 |   240 |   324 ||   788
Block: Buckler           |       |    13 |    98 |   304 |   425 ||   840
